 Dungeon Crawl Stone Soup version 0.30.1-11-g7821555f0a (webtiles) character file.

Game seed: 13156967740192328447

590 ChrisAssaf the Grave Robber (level 7, -6/55 HPs)
             Began as a Grey Draconian Necromancer on Dec 17, 2023.
             Was a Believer of Ru.
             Mangled by a gnoll
             ... wielding a +0 spear
              (7 damage)
             ... on level 4 of the Dungeon.
             The game lasted 00:19:57 (3587 turns).

ChrisAssaf the Grave Robber (DrNe)                  Turns: 3587, Time: 00:20:01

Health: -6/55      AC: 11    Str: 10    XL:     7   Next: 15%
Magic:  2/12       EV: 11    Int: 17    God:    Ru [**....]
Gold:   671        SH:  0    Dex: 12    Spells: 2/13 levels left

rFire   . . .        e - +3 sling (drain)
rCold   . . .        (no shield)
rNeg    . . .        (body armour unavailable)
rPois   .            (helmet restricted)
rElec   .            (no cloak)
rCorr   .            (no gloves)
SInv    .            (no boots)
Will    .....        (no amulet)
Stlth   +            (no ring)
HPRegen 0.29/turn    (no ring)
MPRegen 0.13/turn

%: no passive effects
@: confused
A: AC +11, amphibious, unfitting armour, cold-blooded, inability to train
dodging
a: Renounce Religion


You were on level 4 of the Dungeon.
You worshipped Ru.
Ru was pleased with you.
You visited 1 branch of the dungeon, and saw 6 of its levels.
You also visited: Ossuary.

You collected 671 gold pieces.

Inventory:

Hand Weapons
 a - a +1 whip of venom
 e - a +3 sling of draining (weapon)
 q - a +0 halberd
Missiles
 b - 3 javelins
 k - a throwing net
Potions
 c - 2 potions of attraction
 d - a potion of heal wounds {unknown}
 g - a potion of brilliance {unknown}
 i - a potion of berserk rage {unknown}
 j - 3 potions of lignification
 l - a potion of flight {unknown}
 m - 2 potions of haste
 o - a potion of ambrosia {unknown}
 p - 2 potions of might {unknown}


   Skills:
 * Level 2.0 Fighting
 * Level 2.0 Maces & Flails
 * Level 1.5 Ranged Weapons
 * Level 1.0 Throwing
 * Level 3.0 Stealth
 * Level 3.6 Spellcasting
 * Level 0.4 Conjurations
 * Level 1.4 Hexes
 * Level 5.1 Necromancy
 * Level 1.5 Ice Magic
 * Level 0.9 Evocations


You had 2 spell levels left.
You knew the following spells:

 Your Spells              Type           Power      Damage    Failure   Level
a - Necrotise             Necr           80%        1d8       1%          1
b - Vampiric Draining     Necr           20%        2d7       6%          3
c - Ensorcelled Hibernat  Hex/Ice        16%        N/A       14%         2
d - Animate Dead          Necr           20%        N/A       21%         4
e - Kiss of Death         Conj/Necr      48%        2d9       5%          1

Your spell library contained the following spells:

 Spells                   Type           Power      Damage    Failure   Level
 Shock                    Conj/Air       12%        1d3       16%         1
 Passwall                 Tmut/Erth      2%         N/A       26%         2
 Dispel Undead            Necr           20%        3d11      21%         4
 Confusing Touch          Hex            7%         N/A       26%         3
 Frozen Ramparts          Ice            16%        1d3       26%         3
 Swiftness                Air            3%         N/A       45%         3
 Agony                    Necr           20%        N/A       50%         5
 Ice Form                 Ice/Tmut       5%         N/A       75%         4
 Summon Ice Beast         Ice/Summ       5%         N/A       75%         4
 Airstrike                Air            1%         2d(1-17)  86%         4


Dungeon Overview and Level Annotations

Branches:
Dungeon (6/15)            Ossuary (visited)
 Temple: D:4-7

Altars:
Ru

Annotations:
D:5 Edmund


Innate Abilities, Weirdness & Mutations

Your dull iron-grey scales are very hard. (AC +11)
You are amphibious.
You cannot fit into any form of body armour.
You are cold-blooded and may be slowed by cold attacks.
You cannot train Dodging skill.


Message History

You feel life coursing into your body. The orc hits you but does no damage. x2
The gnoll closely misses you.
The gnoll hits you from afar with a +0 spear.
* * * LOW HITPOINT WARNING * * *
The orc wizard begins to cast a spell, but is stunned by your conviction!
The goblin hits you with a +0 club.
* * * LOW HITPOINT WARNING * * *
Your Throwing skill increases to level 1!
You aren't carrying any scrolls.
Unknown command.
Unknown command.
Okay, then.
You shoot a sling bullet. The sling bullet hits the goblin.
You drain the goblin.
You kill the goblin!
The orc hits you with a +0 short sword.
* * * LOW HITPOINT WARNING * * *
The orc hits you but does no damage. The orc barely misses you.
The gnoll barely misses you. The gnoll hits you but does no damage.
The orc wizard is stunned by your conviction and fails to attack.
The orc hits you but does no damage. x2
The gnoll hits you from afar with a +0 spear.
* * * LOW HITPOINT WARNING * * *
The orc misses you.
You swap places.
The gnoll misses your butterfly.
The orc wizard points at you and mumbles some strange words.
You are confused.
The orc misses your butterfly.
The orc hits your butterfly with a +0 club.
Your butterfly dies!
Your butterfly disappears in a burst of colours!
Items here: ( )) †.
You clumsily bash the orc but do no damage.
Your butterfly disappears in a burst of colours!
The jackal barely misses something.
The orc wizard hits you with a +0 dagger.
* * * LOW HITPOINT WARNING * * *
The orc barely misses you. The gnoll hits you but does no damage.
The gnoll hits you from afar with a +0 spear!
You die...

,,,,,,,,,,*,,,...###,,*,,,,..###,
,,,,,,,,,,*..........****##..#.#.
,,,,,,,,,.##........#* #.......
,,,,,,,.......b.....## ##.......
*,,,,,,...#..........## #........
*,*,,,,...#..bb.bbb...###........
,,*,,,,,....##b..................
,,*,*,,,,*#..b.obb...............
,,,,,,,,,,*#..)o@.b......#.gh....
,,,,,,**,,*##boo#......###...##..
*,,,,,**,,,*#..g#g.....##gg...#..
**,,,,***,,*#......b...)†).#...>.
,,,,,,,,,,,#..bb.b.......####.#..
,,,,,**,*#.....b.b##..........#..
,,,,,,*,....b.....##..##..#......
,,,,,,,.....?..b...#..###.#.##...
,,,,,,,##...$...#..#..# *...*#...


You could see an orc wizard (ally target), 2 gnolls and 3 orcs.

Vanquished Creatures
  A bullfrog (D:6)
  A scorpion (D:3)
  A gnoll bouda (D:4)
  2 orc priests (D:3)
  Ijyb (D:3)
  Terence (D:2)
  2 orc wizards
  8 mummies (Ossuary)
  6 gnolls
  2 adders
  2 worms (D:2)
  4 dart slugs
  8 orcs
  6 ball pythons
  5 bats
  3 endoplasms
  A giant cockroach (D:3)
  11 goblins
  2 hobgoblins
  6 jackals
  4 quokkas
  4 frilled lizards
  3 gnoll zombies (Ossuary)
  2 hobgoblin zombies (Ossuary)
  7 kobolds
  A kobold zombie (Ossuary)
  2 orc zombies (Ossuary)
  9 rats
105 creatures vanquished.

Vanquished Creatures (collateral kills)
  An orc (D:3)
  2 ball pythons
  A giant cockroach (D:3)
4 creatures vanquished.

Vanquished Creatures (others)
  A bat (D:1)
1 creature vanquished.

Grand Total: 110 creatures vanquished

Notes
Turn   | Place    | Note
-------+----------+-------------------------------------------
     0 | D:1      | ChrisAssaf the Draconian Necromancer began the quest for
                  | the Orb.
     0 | D:1      | Reached XP level 1. HP: 14/14 MP: 3/3
   254 | D:1      | Reached XP level 2. HP: 15/22 MP: 3/5
   351 | D:2      | Found a faded altar of an unknown god.
   419 | D:2      | Noticed Terence
   444 | D:2      | Found a sacrificial altar of Ru.
   464 | D:2      | Killed Terence
   465 | D:2      | Reached XP level 3. HP: 19/27 MP: 3/6
   486 | D:2      | Became a worshipper of Ru the Awakened
   508 | D:2      | Learned a level 3 spell: Vampiric Draining
   511 | D:2      | Learned a level 2 spell: Ensorcelled Hibernation
   933 | D:2      | Reached skill level 1 in Maces & Flails
  1552 | D:1      | Reached XP level 4. HP: 32/34 MP: 1/7
  2115 | D:3      | Noticed a scorpion
  2115 | D:3      | Noticed Ijyb
  2149 | D:3      | Killed a scorpion
  2150 | D:3      | Reached skill level 1 in Fighting
  2150 | D:3      | Reached XP level 5. HP: 35/40 MP: 1/9
  2242 | D:3      | Reached skill level 1 in Ice Magic
  2252 | D:3      | Reached skill level 1 in Hexes
  2306 | D:3      | Gained mutation: You cannot train Dodging skill. [Ru
                  | sacrifice]
  2306 | D:3      | Reached * piety under Ru
  2306 | D:3      | Reached ** piety under Ru
  2343 | D:3      | Killed Ijyb
  2344 | D:3      | Reached XP level 6. HP: 47/47 MP: 0/10
  2371 | D:3      | Learned a level 4 spell: Animate Dead
  2658 | D:3      | You fall into a shaft and drop 3 floors!
  2740 | D:6      | Reached skill level 5 in Necromancy
  2742 | D:6      | Learned a level 1 spell: Kiss of Death
  2902 | D:5      | Entered Level 5 of the Dungeon
  2957 | D:5      | Noticed Edmund
  2961 | D:5      | Noticed a sky beast
  3038 | D:4      | HP: 2/47 [poisoned by a kobold]
  3039 | D:4      | Found a sand-covered staircase.
  3044 | Ossuary  | Entered an ossuary
  3241 | Ossuary  | Reached skill level 1 in Ranged Weapons
  3375 | Ossuary  | Your scales start taking on a dull iron-grey colour.
  3375 | Ossuary  | Reached XP level 7. HP: 44/53 MP: 12/12
  3585 | D:4      | Reached skill level 1 in Throwing
  3585 | D:4      | HP: 2/55 [gnoll/+0 spear[a gnoll bouda] (3)]
  3587 | D:4      | Mangled by a gnoll

Illustrated notes

Levels and vault maps discovered:
D:1:      pf_arrival_petrified_forest, layout_loops_ring,
          minmay_rat_gold_closets
D:2:      layout_rooms, basic_altar, shapermc_ecumenical_altar_starsandcircs,
          nicolae_titane, uniq_terence
D:3:      kennysheep_the_goblin_king, layout_basic, serial_bayou,
          serial_bayou_lagoon_a, serial_bayou_shore_a, serial_bayou_pond_e,
          serial_bayou_pond_b
D:4:      layout_cave_pools, enter_ossuary_3
D:5:      layout_rooms, mainiacjoe_overflow_catch_the_wave,
          minmay_temple_entry_proselytizer, uniq_edmund
D:6:      kennysheep_windowed_halls, layout_basic,
          chequers_serial_rivers_micro_c, serial_bayou_lagoon_b

Skill      XL: |  1  2  3  4  5  6  7 |
---------------+----------------------+-----
Dodging        | 2 0 |  0.0
Stealth        | 2 3 |  3.0
Maces & Flails | 1 2 |  2.0
Fighting       | 1 2 |  2.0
Spellcasting   | 3 |  3.6
Ice Magic      | 1 |  1.5
Hexes          | 1 |  1.4
Necromancy     | 5 |  5.1
Ranged Weapons | 1 |  1.5
Throwing       | 1 |  1.0
Conjurations   | |  0.4
Evocations     | |  0.9

Action                     |  1- 3 |  4- 6 |  7- 9 || total
---------------------------+-------+-------+-------++-------
  Melee: Whip              |    43 |    67 |       ||   110
         Unarmed           |     2 |       |       ||     2
         Tailslap          |     5 |     6 |       ||    11
         Sling             |       |       |     1 ||     1
   Fire: Sling             |       |    84 |    14 ||    98
  Throw: Javelin           |       |     4 |       ||     4
   Cast: Necrotise         |    17 |    15 |       ||    32
         Vampiric Draining |     8 |    15 |     8 ||    31
         Ensorcelled Hiber |     7 |    10 |       ||    17
         Kiss of Death     |       |     1 |       ||     1
 Invoke: Sacrifice Nimblen |       |     1 |       ||     1
  Evoke: Wand              |       |     6 |       ||     6
    Use: Potion            |     1 |     7 |     1 ||     9
         Scroll            |     3 |     5 |     2 ||    10
   Stab: Sleeping          |     8 |     5 |       ||    13
         Invisible         |       |     1 |       ||     1
 Armour: Skin              |    19 |    83 |    38 ||   140
  Dodge: Dodged            |    43 |    84 |    37 ||   164
